 Dungeon Crawl Stone Soup version 0.28-a0-1518-gbe868bca14 (webtiles) character file.

Game seed: 7176478268987499980

1577 wazuzu the Skirmisher (level 8, -8/57 HPs)
             Began as an Octopode Cinder Acolyte on Jan 16, 2022.
             Was a High Priest of Ignis.
             Mangled by a hornet (12 damage)
             ... on level 7 of the Dungeon.
             The game lasted 00:11:31 (5160 turns).

wazuzu the Skirmisher (Octopode Cinder Acolyte)     Turns: 5160, Time: 00:11:31

Health: -8/57      AC:  1    Str: 14    XL:     8   Next: 91%
Magic:  9/9        EV: 13    Int: 16    God:    Ignis [*****.]
Gold:   272        SH:  0    Dex:  9    Spells: 9/9 levels left

rFire   + . .      SeeInvis .   i - +7 Throatcutter {drain, coup de grace}
rCold   . . .      Faith    .   (no shield)
rNeg    . . .      Spirit   .   (helmet restricted)
rPois   .          Reflect  .   c - amulet of regeneration
rElec   .          Harm     .   (no ring)
rCorr   .          Rampage  .   (no ring)
Will    .....                   (no ring)
Stlth   ++++......              (no ring)
HPRegen 0.99/turn               (no ring)
MPRegen 0.11/turn               (no ring)
                                (no ring)
                                (no ring)

@: lethally poisoned (-8 -> -14), rising, flying, hasted and slowed
A: almost no armour, amphibious, 8 rings, camouflage 1, gelatinous body 1,
(nimble swimmer 1), tentacles
a: Renounce Religion, Fiery Armour, Foxfire Swarm


You were on level 7 of the Dungeon.
You worshipped Ignis.
Ignis was extremely pleased with you.
You visited 1 branch of the dungeon, and saw 7 of its levels.

You collected 272 gold pieces.


Innate Abilities, Weirdness & Mutations

You cannot wear most types of armour.
You are amphibious.
You can wear up to eight rings at the same time.
Your skin changes colour to match your surroundings (Stealth+).
Your rubbery body absorbs attacks. (AC +1, EV +1)
((You are camouflaged when in or above water. (Stealth+)))
You have tentacles for arms and can constrict up to eight enemies at once.


   Skills:
 + Level 6.2 Fighting
 + Level 3.9 Dodging
 + Level 5.6 Stealth
 - Level 6.0 Unarmed Combat
 - Level 1.0 Spellcasting
 - Level 3.0 Fire Magic
 + Level 5.4 Evocations


You had 9 spell levels left.
You didn't know any spells.
Your spell library contained the following spells:

 Spells                   Type           Power      Damage    Failure   Level
 Scorch                   Fire           20%        2d6       10%         2
 Portal Projectile        Hex/Tloc       0%         N/A       56%         3
 Blade Hands              Tmut           0%         N/A       99%         5
 Excruciating Wounds      Necr           0%         N/A       99%         5


Dungeon Overview and Level Annotations

Branches:
Dungeon (7/15)
 Temple: D:4-7

Altars:
Hepliaklqana
Kikubaaqudgha
Makhleb
Okawaru
Qazlal
Sif Muna
Wu Jian

Inventory:

Hand Weapons
 i - the +7 Throatcutter (weapon) {drain, coup de grace}
   (You took it off Terence on level 3 of the Dungeon)

   A truly terrible weapon, it drains the life of any living foe it strikes.
   It may instantly kill foes which have little health.
Missiles
 a - 76 stones (quivered)
 m - 3 throwing nets
Armour
 o - a +0 kite shield
Jewellery
 c - an amulet of regeneration (around mantle)
Wands
 e - a wand of iceblast (10)
Scrolls
 h - 5 scrolls of fear
 n - a scroll of enchant armour {unknown}
 q - a scroll of teleportation
Potions
 g - a potion of attraction {unknown}
 l - a potion of flight {unknown}
 p - a potion of invisibility {unknown}

#....##.##.......#
#.._.#...8..######
#....#...)).#
#....#......#
#.._.#...8..# #
#v...##.##..# #.
#v⌠.⌠####...#
#..##y#####....#
#...@..........#
#..............#
################


You could see a hornet.


Message History

You kill the orc!
No target in view!
Found a stormy altar of Qazlal.
Things that are here:
a +1 short sword of venom; an orc corpse
Found a fizzy dark potion.
You now have 238 gold pieces (gained 9).
You now have 250 gold pieces (gained 12).
You now have 258 gold pieces (gained 8).
You now have 272 gold pieces (gained 14).
The hornet buzzes angrily.
You open the door.
There is an open door here.
A hornet is nearby!
Use which ability? (? or * to list) Activating: Foxfire Swarm Flames leap up around you!
The hornet stings you.
You feel yourself slow down.
Your foxfire dissipates!
The foxfire hits the hornet but does no damage. x5
The foxfire hits the hornet.
The hornet is lightly wounded.
The foxfire hits the hornet.
The hornet is moderately wounded.
The foxfire hits the hornet.
The hornet is moderately wounded.
The hornet is engulfed in a cloud of scalding steam.
The foxfire hits the hornet but does no damage.
The hornet is heavily wounded.
The foxfire hits the hornet but does no damage.
The hornet is heavily wounded.
The foxfire hits the hornet but does no damage.
The hornet is heavily wounded.
The foxfire hits the hornet but does no damage.
The hornet is heavily wounded.
The hornet stings you!
You feel as though you will be slow longer.
You barely miss the hornet.
The hornet is heavily wounded.
The hornet barely misses you. The hornet misses you. The hornet stings you!
You feel as though you will be slow longer.
Unknown command.
You hit the hornet.
The hornet is heavily wounded.
The hornet stings you!
* * * LOW HITPOINT WARNING * * *
You are poisoned.
You suddenly lose the ability to move!
The hornet stings you.
* * * LOW HITPOINT WARNING * * *
You feel as though you will be slow longer.
The hornet stings you.
* * * LOW HITPOINT WARNING * * *
You are more poisoned.
You shrug off the repeated paralysis!
You can move again.
You feel yourself speed up.
* * * LOW HITPOINT WARNING * * *
You feel extremely sick. The hornet stings you.
* * * LOW HITPOINT WARNING * * *
You feel as though you will be slow longer.
The hornet misses you.
Use which ability? (? or * to list)
Okay, then.
Use which ability? (? or * to list)
You begin to rise into the air.
* * * LOW HITPOINT WARNING * * *
You feel very sick. The hornet barely misses you. The hornet stings you!
You die...

Action                   |  1- 3 |  4- 6 |  7- 9 || total
-------------------------+-------+-------+-------++-------
Melee: Unarmed           |    21 |       |       ||    21
       Constrict         |    20 |    26 |     7 ||    53
       Dagger            |    50 |    54 |       ||   104
       Tentacles         |    16 |    16 |    13 ||    45
       Long sword        |       |    49 |    73 ||   122
       Punch             |       |     1 |     2 ||     3
Invok: Foxfire Swarm     |       |       |     1 ||     1
       Rising Flame      |       |       |     1 ||     1
  Use: Scroll            |       |     5 |     1 ||     6
       Potion            |       |       |     1 ||     1
 Stab: Sleeping          |     9 |     5 |     8 ||    22
       Distracted        |       |     1 |       ||     1
Armor: Skin              |     2 |    17 |     2 ||    21
Dodge: Dodged            |    30 |    60 |    53 ||   143

Levels and vault maps discovered:
D:1:      lightli_molten_gateway, layout_basic, minmay_misc_feat_square
D:2:      layout_loops_corners, basic_ecumenical_altar,
          kennysheep_generic_room_10
D:3:      layout_basic, mainiacjoe_overflow_big_doors, uniq_terence
D:4:      layout_basic, lightli_temple_of_fire, kennysheep_vampire_church
D:5:      layout_loops_cross, beargit_hepliaklqana_dungeon_heroes
D:6:      layout_gridville
D:7:      layout_basic, marbit_many_paths, jmf_multi_god_temple,
          minmay_temple_entry_poolview, grunt_decor_junction

Notes
Turn   | Place    | Note
-------+----------+-------------------------------------------
     0 | D:1      | wazuzu the Octopode Cinder Acolyte began the quest for the
                  | Orb.
     0 | D:1      | Reached XP level 1. HP: 16/16 MP: 2/2
   119 | D:1      | Reached XP level 2. HP: 15/21 MP: 3/3
  1105 | D:2      | Reached XP level 3. HP: 26/26 MP: 4/4
  1136 | D:2      | Found a faded altar of an unknown god.
  1325 | D:2      | Reached skill level 4 in Unarmed Combat
  1579 | D:2      | Reached XP level 4. HP: 27/32 MP: 5/5
  2009 | D:3      | Noticed Terence
  2272 | D:3      | Reached skill level 1 in Evocations
  2342 | D:3      | Reached XP level 5. HP: 37/37 MP: 6/6
  2349 | D:3      | Killed Terence
  2440 | D:3      | Reached skill level 4 in Fighting
  2827 | D:3      | Found a shimmering blue altar of Sif Muna.
  2853 | D:3      | Found an ornate altar of the Wu Jian Council.
  3225 | D:4      | Reached skill level 5 in Unarmed Combat
  3441 | D:4      | Found an ancient bone altar of Kikubaaqudgha.
  3448 | D:4      | Reached skill level 2 in Evocations
  3506 | D:4      | Reached XP level 6. HP: 43/43 MP: 7/7
  3566 | D:4      | Found a burning altar of Makhleb.
  3622 | D:5      | Entered Level 5 of the Dungeon
  3860 | D:5      | Reached skill level 6 in Unarmed Combat
  3860 | D:5      | Reached skill level 3 in Evocations
  3860 | D:5      | Reached XP level 7. HP: 49/49 MP: 8/8
  3967 | D:5      | Found a hazy altar of Hepliaklqana.
  3968 | D:5      | Found a faded altar of an unknown god.
  3975 | D:5      | Reached skill level 1 in Stealth
  4139 | D:5      | Reached skill level 1 in Dodging
  4191 | D:5      | Reached skill level 5 in Fighting
  4191 | D:5      | Reached skill level 2 in Stealth
  4365 | D:6      | Reached skill level 2 in Dodging
  4365 | D:6      | Reached skill level 3 in Stealth
  4365 | D:6      | Reached skill level 4 in Evocations
  4418 | D:6      | Reached XP level 8. HP: 34/55 MP: 9/9
  4497 | D:6      | Reached skill level 4 in Stealth
  4559 | D:6      | Reached skill level 3 in Dodging
  4877 | D:6      | Reached skill level 5 in Evocations
  4961 | D:6      | Reached skill level 6 in Fighting
  4961 | D:6      | Reached skill level 5 in Stealth
  5124 | D:7      | Found an iron altar of Okawaru.
  5128 | D:7      | Found a stormy altar of Qazlal.
  5138 | D:7      | Noticed a hornet
  5158 | D:7      | Paralysed by a hornet for 1 turns
  5159 | D:7      | HP: 12/57 [poisoned by a hornet]
  5160 | D:7      | HP: 4/57 [poisoned by a hornet]
  5160 | D:7      | Mangled by a hornet

Vanquished Creatures
  An orc warrior (D:6)
  3 ogres
  A centaur (D:6)
  A gnoll sergeant (D:5)
  A bullfrog (D:7)
  A wyvern zombie (D:6)
  A wyvern skeleton (D:6)
  A water moccasin skeleton (D:5)
  A vampire bat (D:4)
  7 hounds
  A jelly (D:5)
  A bullfrog skeleton (D:5)
  A centaur zombie (D:6)
  3 orc priests
  2 iguanas
  Terence (D:3)
  5 orc wizards
  A howler monkey skeleton (D:4)
  4 gnolls (D:6)
  5 adders
  A white imp (D:4)
  An ufetubus (D:5)
  2 worms (D:2)
  6 dart slugs
  17 orcs
  8 ball pythons
  4 bats
  5 bat skeletons (D:4)
  A bat zombie (D:4)
  4 endoplasms
  3 giant cockroaches
  5 goblins
  8 hobgoblins
  5 quokkas
  3 frilled lizards
  4 kobolds
  7 rats
126 creatures vanquished.

Vanquished Creatures (others)
  11 foxfires (D:7)
11 creatures vanquished.

Grand Total: 137 creatures vanquished
